 Dungeon Crawl Stone Soup version 0.29-a0-214-g17f627cfee (webtiles) character file.

Game seed: 16528491800007492802

81 sammy202020 the Skirmisher (level 4, -10/29 HPs)
             Began as a Gargoyle Fighter on Feb 24, 2022.
             Killed by divine providence
             ... invoked by an orc priest
              (12 damage)
             ... on level 4 of the Dungeon.
             The game lasted 00:06:49 (2060 turns).

sammy202020 the Skirmisher (Gargoyle Fighter)       Turns: 2060, Time: 00:06:50

Health: -10/29     AC: 14    Str: 27    XL:     4   Next: 42%
Magic:  4/4        EV: 10    Int:  9    God:
Gold:   97         SH:  4    Dex:  9    Spells: 3/3 levels left

rFire   . . .      SeeInvis .   a - +1 flail
rCold   . . .      Faith    .   c - +0 buckler
rNeg    + . .      Spirit   .   b - +0 scale mail
rPois   ∞          Reflect  .   (no helmet)
rElec   +          Harm     .   (no cloak)
rCorr   .          Rampage  .   e - +1 pair of gloves
Will    .....                   l - +1 pair of boots
Stlth   ..........              (no amulet)
HPRegen 0.09/turn               o - +6 ring of strength
MPRegen 0.09/turn               (no ring)

@: mighty
A: sickness immunity, AC +3, negative energy resistance 1, electricity
resistance, torment resistance 1, petrification resistance
a: no special abilities


You were on level 4 of the Dungeon.
You visited 1 branch of the dungeon, and saw 4 of its levels.

You collected 97 gold pieces.

Inventory:

Hand Weapons
 a - a +1 flail (weapon)
Armour
 b - a +0 scale mail (worn)
 c - a +0 buckler (worn)
 e - a +1 pair of gloves (worn)
 l - a +1 pair of boots (worn)
Jewellery
 o - a +6 ring of strength (left hand)
Scrolls
 i - 2 scrolls of teleportation
Potions
 d - a potion of might
 f - a potion of curing {unknown}
 g - a potion of flight {unknown}
 h - a potion of brilliance {unknown}
 j - a potion of resistance {unknown}
 k - a potion of haste {unknown}
 m - a potion of degeneration {unknown}
 n - a potion of attraction {unknown}
 p - a potion of heal wounds {unknown}


   Skills:
 + Level 3.7 Fighting
 * Level 3.2 Maces & Flails
 + Level 3.7 Armour
 * Level 1.0 Dodging
 + Level 3.7 Shields


You had 3 spell levels left.
You didn't know any spells.
Your spell library contained the following spells:

 Spells                   Type           Power      Damage    Failure   Level
 Freeze                   Ice            0%         1d3       75%         1
 Sandblast                Erth           0%         2d4       75%         1
 Passwall                 Tmut/Erth      0%         N/A       87%         2
 Frozen Ramparts          Ice            0%         1d2       98%         3
 Stone Arrow              Conj/Erth      0%         3d7       98%         3
 Hailstorm                Conj/Ice       0%         3d3       100%        4


Dungeon Overview and Level Annotations

Branches:
Dungeon (4/15)
 Temple: D:4-7

Altars:

Shops:
D:2 =   D:3 !


Innate Abilities, Weirdness & Mutations

You are immune to sickness and miasma.
Your stone body is resilient. (AC +3)
You are immune to poison.
You resist negative energy. (rN+)
You are resistant to electric shocks. (rElec)
You are resistant to unholy torment.
You are immune to petrification.


Message History

No target in view!
Done exploring.
Done exploring.
Things that are here:
a +0 short sword; a stone
There is a stone staircase leading down here.
You climb downwards.
There is a stone staircase leading up here.
You sock the jackal skeleton!
You destroy the jackal skeleton!
No target in view!
No target in view!
Found a stone staircase leading up.
You now have 97 gold pieces (gained 12). 2 orcs come into view.
Found 3 poisoned darts.
Found a stone staircase leading down.
The orc shouts! x2
An orc priest comes into view. It is wielding a +0 dagger.
The orc priest shouts!
The orc priest calls down the wrath of Beogh upon you.
Beogh smites you!
You thump the orc!
You kill the orc!
The orc priest calls down the wrath of Beogh upon you.
Beogh smites you!
Ouch! That really hurt!
* * * LOW HITPOINT WARNING * * *
You barely miss the orc. The orc closely misses you.
You closely miss the orc. The orc hits you but does no damage.
The orc priest completely misses you.
You feel very mighty all of a sudden. The orc misses you.
The orc priest hits you but does no damage.
You hit the orc.
You kill the orc!
The orc priest closely misses you.
You barely miss the orc priest.
The orc priest mumbles some strange prayers to Beogh against you.
Beogh smites you!
You die...

#######.######
#.# #####.####
#...<....#
#.###.##.#
#.##.# #.##.#
#.##)########
..##@o)>(...^
#######......
#####


You could see an orc priest.

Vanquished Creatures
  2 adders
  A dart slug (D:2)
  2 orcs (D:4)
  3 ball pythons
  6 bats
  4 endoplasms
  A giant cockroach (D:1)
  3 hobgoblins
  4 jackals (D:1)
  6 kobolds
  2 quokkas (D:1)
  5 frilled lizards
  8 goblins
  A jackal skeleton (D:4)
  7 rats
55 creatures vanquished.

Notes
Turn   | Place    | Note
-------+----------+-------------------------------------------
     0 | D:1      | sammy202020 the Gargoyle Fighter began the quest for the
                  | Orb.
     0 | D:1      | Reached XP level 1. HP: 14/14 MP: 1/1
   123 | D:1      | Reached XP level 2. HP: 19/19 MP: 2/2
   246 | D:1      | Reached XP level 3. HP: 13/23 MP: 3/3
  1214 | D:2      | Found Ricoq's Jewellery Shop.
  1225 | D:2      | Reached XP level 4. HP: 26/29 MP: 4/4
  1496 | D:3      | Found Keroutuida's Distillery.
  1601 | D:3      | Reached skill level 1 in Dodging
  2060 | D:4      | Killed from afar by an orc priest

Illustrated notes

Levels and vault maps discovered:
D:1:      saegor_arrival_simple_b, layout_rooms
D:2:      layout_rooms, serial_shops, shop, kennysheep_nondescript
D:3:      layout_rooms, serial_shops, shop, minmay_crystal_water
D:4:      corexii_shack_village, layout_loops_ring, mainiacjoe_overflow_catwalk

Skill      XL: |  1  2  3  4 |
---------------+-------------+-----
Maces & Flails | 3 |  3.2
Dodging        | 1 |  1.0
Fighting       | |  3.7
Armour         | |  3.7
Shields        | |  3.7

Action                   |  1- 3 |  4- 6 || total
-------------------------+-------+-------++-------
Melee: Flail             |   125 |    32 ||   157
  Use: Scroll            |     3 |     2 ||     5
       Potion            |       |     1 ||     1
Armor: Scale mail        |    77 |    17 ||    94
Dodge: Dodged            |    59 |    18 ||    77
Block: Buckler           |    29 |     8 ||    37

Table legend: (Time is in decaauts)
 A = Elapsed time spent in this place.
 B = Non-inter-level travel time spent in this place.
 C = Inter-level travel time spent in this place.
 D = Time resting spent in this place.
 E = Time spent auto-exploring this place.
 F = Levels seen in this place.
 G = Mean time per level.
                   A        B        C        D        E       F      G
               +--------+--------+--------+--------+--------+-----+--------+
         Total |   2108 |   2093 |     15 |      0 |   1395 |   4 |  527.0 |
       Dungeon |   2108 |   2093 |     15 |      0 |   1395 |   4 |  527.0 |
               +--------+--------+--------+--------+--------+-----+--------+

Top non-repeatable levels by time:
     D:2: 792 daAuts
     D:1: 674 daAuts
     D:3: 611 daAuts
     D:4: 30 daAuts
